 Dungeon Crawl Stone Soup version 0.30-a0-918-g0ff054e9dc (webtiles) character file.

Game seed: 11097449327436689160

539 jasper the Twirler (level 7, -2/48 HPs)
             Began as a Demonspawn Wanderer on Mar 20, 2023.
             Slain by a kobold brigand
             ... wielding a +0 whip
              (6 damage)
             ... in a sewer.
             The game lasted 00:07:46 (2855 turns).

jasper the Twirler (Demonspawn Wanderer)            Turns: 2855, Time: 00:07:46

Health: -2/48      AC:  6    Str: 12    XL:     7   Next: 5%
Magic:  7/7        EV: 11    Int: 11    God:
Gold:   165        SH:  0    Dex: 17    Spells: 6/6 levels left

rFire   . . .      SeeInvis .    a - +3 quarterstaff
rCold   . . .      Faith    .    (shield currently unavailable)
rNeg    . . .      Spirit   .    o - +0 ring mail
rPois   .          Reflect  .    (helmet restricted)
rElec   .          Rampage  .    (no cloak)
rCorr   .                        (no gloves)
Will    .....                    c - +0 pair of boots
Stlth   +                        (no amulet)
HPRegen 0.28/turn                (no ring)
MPRegen 0.10/turn                (no ring)

@: lethally poisoned (-2 -> -10), slowed, very slow
A: antennae 1, spiny 1, demonic magic 2
a: no special abilities


You were in a sewer.
You visited 1 branch of the dungeon, and saw 4 of its levels.
You also visited: Sewer.

You collected 165 gold pieces.

Inventory:

Hand Weapons
 a - a +3 quarterstaff (weapon)
 b - a +0 spear
Missiles
 j - 10 stones (quivered)
 t - a curare-tipped dart
 v - 5 poisoned darts
Armour
 c - a +0 pair of boots (worn)
 e - a +0 robe
 i - a +0 plate armour
 o - a +0 ring mail (worn)
 q - a +0 helmet
Scrolls
 f - a scroll of enchant weapon
 m - a scroll of vulnerability {unknown}
 p - a scroll of fog
 r - a scroll of amnesia {unknown}
 s - a scroll of magic mapping
Potions
 d - a potion of attraction
 g - 2 potions of ambrosia
 h - 3 potions of mutation {unknown}
 k - 2 potions of might {unknown}
 l - 2 potions of degeneration {unknown}
 n - a potion of curing {unknown}
 u - a potion of heal wounds
 w - a potion of brilliance {unknown}


   Skills:
 - Level 1.0 Fighting
 - Level 1.7(5.2) Polearms
 + Level 7.8(7.9) Staves
 - Level 2.6 Dodging


You had 6 spell levels left.
You didn't know any spells.
Your spell library contained the following spells:

 Spells                   Type           Power      Damage    Failure   Level
 Magic Dart               Conj           0%         1d3       63%         1
 Searing Ray              Conj           0%         2d4       77%         2
 Fulminant Prism          Conj/Hex       0%         3d5       100%        4


Dungeon Overview and Level Annotations

Branches:
Dungeon (4/15)              Sewer (1/1)
 Temple: D:4-7

Altars:
Vehumet

Annotations:
D:3 Ijyb, Robin


Innate Abilities, Weirdness & Mutations

You have a pair of small antennae on your head.
You are partially covered in sharp spines.
Spells you cast may paralyse nearby enemies.


Message History

You take 1 damage, and have 45/48 hp.
You swing at nothing.
You feel sick.
You take 1 damage, and have 44/48 hp.
You swing at nothing.
You feel sick.
You are no longer poisoned.
You take 1 damage, and have 43/48 hp.
You swing at nothing.
The kobold brigand throws a curare-tipped dart.
The curare-tipped dart closely misses you.
You swing at nothing.
The kobold brigand throws a curare-tipped dart.
The curare-tipped dart hits you.
You are poisoned.
You have difficulty breathing.
You feel yourself slow down.
You swing at nothing.
You feel very sick.
The kobold brigand throws a curare-tipped dart.
The curare-tipped dart hits you.
You are more poisoned.
You have difficulty breathing.
You feel as though you will be slow longer.
The kobold brigand throws a curare-tipped dart.
The curare-tipped dart hits you.
You are more poisoned.
You have difficulty breathing.
You feel as though you will be slow longer.
You swing at nothing.
* * * LOW HITPOINT WARNING * * *
You feel extremely sick.
You barely miss the kobold brigand.
* * * LOW HITPOINT WARNING * * *
You feel very sick.
The kobold brigand is struck by your spines.
The kobold brigand hits you but does no damage.
You hit the kobold brigand.
The kobold brigand is lightly wounded.
* * * LOW HITPOINT WARNING * * *
You feel very sick.
The kobold brigand hits you with a +0 whip.
You die...

...#####.~~~.#
#####~)~~.# .~
##.~.~#
####### .
##.~~# #.~.#
#.~.# ##~..##
#~~~~~#
#.###~# #~#
#@# ##.###K#
#..~#~~~
#)#~#~#~#
#~#~#~ ~#
#~#~#~ ~#
#.#.#. .#
###### ##


You could see a kobold brigand.

Vanquished Creatures
  An ogre (D:4)
  2 kobold brigands (Sewer)
  A hound (D:4)
  An orc priest (D:4)
  An iguana (D:4)
  An orc wizard (D:4)
  10 adders
  A river rat (D:4)
  An ufetubus (D:4)
  6 worms
  2 dart slugs
  5 orcs
  6 ball pythons
  10 endoplasms
  3 giant cockroaches
  9 goblins
  6 hobgoblins
  6 jackals (D:2)
  3 quokkas
  4 bats
  2 frilled lizards (D:1)
  9 kobolds
  8 rats
98 creatures vanquished.

Vanquished Creatures (others)
  6 toadstools (D:3)
6 creatures vanquished.

Grand Total: 104 creatures vanquished

Notes
Turn   | Place    | Note
-------+----------+-------------------------------------------
     0 | D:1      | jasper the Demonspawn Wanderer began the quest for the Orb.
     0 | D:1      | jasper set off with the following items: a +2 quarterstaff,
                  | a +0 spear, a +0 pair of boots, a potion of attraction, a
                  | +0 robe.
     0 | D:1      | Reached XP level 1. HP: 15/15 MP: 1/1
    49 | D:1      | Reached skill level 4 in Staves
    52 | D:1      | Gained mutation: You are partially covered in sharp spines.
                  | [demonic ancestry]
    52 | D:1      | Reached XP level 2. HP: 21/21 MP: 2/2
   267 | D:1      | You fall into a shaft and drop 1 floor!
   400 | D:2      | Gained mutation: Spells you cast may paralyse adjacent
                  | enemies. [demonic ancestry]
   400 | D:2      | Reached XP level 3. HP: 26/26 MP: 3/3
  1183 | D:2      | Reached skill level 5 in Staves
  1267 | D:2      | Reached XP level 4. HP: 32/32 MP: 4/4
  1706 | D:3      | Found a radiant altar of Vehumet.
  1875 | D:3      | Noticed Ijyb
  1875 | D:3      | Noticed Robin
  1907 | D:4      | Noticed an ogre
  1918 | D:4      | Killed an ogre
  1919 | D:4      | Reached skill level 6 in Staves
  1919 | D:4      | Reached XP level 5. HP: 9/37 MP: 5/5
  2147 | D:4      | Gained mutation: You have a pair of small antennae on your
                  | head. [demonic ancestry]
  2147 | D:4      | Reached XP level 6. HP: 30/43 MP: 6/6
  2286 | D:4      | Reached skill level 7 in Staves
  2320 | D:4      | Found a glowing drain.
  2339 | Sewer    | Entered a sewer
  2769 | Sewer    | Gained mutation: Spells you cast may paralyse nearby
                  | enemies. [demonic ancestry]
  2769 | Sewer    | Reached XP level 7. HP: 44/48 MP: 7/7
  2855 | Sewer    | Slain by a kobold brigand

Illustrated notes

Levels and vault maps discovered:
D:1:      evilmike_arrival_crescent, layout_rooms, minmay_heptomino_w4
D:2:      layout_basic, corexii_item_surrounded_by_moat
D:3:      cheibrodos_fertilizer, layout_basic, amcnicky_altar_gilded,
          nicolae_goblin_pals
D:4:      layout_cave_pools, gup_sewer_entry_bubbles, st_stairs_1
Sewer:    sewer_co_tree

Skill      XL: |  1  2  3  4  5  6 |
---------------+-------------------+-----
Staves         | 4 5 6 7 |  7.8
Fighting       | |  1.0
Polearms       | |  1.7
Dodging        | |  2.6

Action                     |  1- 3 |  4- 6 |  7- 9 || total
---------------------------+-------+-------+-------++-------
  Melee: Quarterstaff      |    64 |   127 |     6 ||   197
         Unarmed           |       |     8 |       ||     8
  Throw: Stone             |     9 |     4 |       ||    13
    Use: Scroll            |     5 |     3 |       ||     8
         Potion            |       |     2 |       ||     2
   Stab: Sleeping          |     2 |       |       ||     2
 Armour: Robe              |     6 |       |       ||     6
         Ring mail         |     4 |    43 |     3 ||    50
         Skin              |       |    13 |       ||    13
  Dodge: Dodged            |    27 |    68 |     2 ||    97

Table legend: (Time is in decaauts)
 A = Elapsed time spent in this place.
 B = Non-inter-level travel time spent in this place.
 C = Inter-level travel time spent in this place.
 D = Time resting spent in this place.
 E = Time spent auto-exploring this place.
 F = Levels seen in this place.
 G = Mean time per level.
                   A        B        C        D        E       F      G
               +--------+--------+--------+--------+--------+-----+--------+
         Total |   2981 |   2878 |    103 |    392 |   1304 |   5 |  596.2 |
       Dungeon |   2367 |   2264 |    103 |    392 |    830 |   4 |  591.8 |
         Sewer |    614 |    614 |      0 |      0 |    473 |   1 |  614.0 |
               +--------+--------+--------+--------+--------+-----+--------+

Top non-repeatable levels by time:
     D:2: 766 daAuts
     D:1: 702 daAuts
   Sewer: 614 daAuts
     D:4: 466 daAuts
     D:3: 432 daAuts
